Map: [ESL] Inside and Out

Players

HeroMarine - Winner!

  • Race: Terran Terran
  • Spawn Location: 7:00

SKillous

  • Race: Protoss Protoss
  • Spawn Location: 1:00

Event: DreamHack SC2 Masters 2022 Atlanta (Online)

VOD

Have the link to the VOD?

Description

Time

  • Played on: Sept. 28, 2022, 10:24 a.m.
  • Length: 12:37

All games in this series

Show
View Real Time Build Order
Export as new Build Order

HeroMarine Terran - Winner!

Build Orders:  

Get SALT Encoding   

  12  0:00  SCV  
  13  0:12  SCV  
  14  0:16  Supply Depot  
  14  0:24  SCV  
  15  0:38  SCV  
  15  0:39  Barracks  
  16  0:43  Refinery  
  16  0:50  SCV  
  17  1:00  Refinery  
  17  1:02  SCV  
  18  1:14  SCV  
  19  1:25  Reaper  
  19  1:26  Orbital Command  
  19  1:27  Supply Depot  
  20  1:44  Factory  
  20  1:52  SCV  
  21  1:58  Barracks Reactor  
  21  2:04  SCV  
  22  2:14  Command Center  
  22  2:17  SCV  
  23  2:29  SCV  
  24  2:36  Marine, Starport  
  24  2:37  Marine  
  24  2:41  Supply Depot, SCV  
  26  2:47  Widow Mine  
  28  2:53  SCV  
  28  2:54  Marine x2  
  31  3:05  SCV  
  32  3:08  Factory Tech Lab  
  32  3:12  Medivac, Marine x2  
  35  3:17  SCV  
  37  3:28  Cyclone  
  37  3:29  SCV  
  37  3:31  Marine x2  
  43  3:41  SCV  
  43  3:42  Viking  
  43  3:48  Orbital Command  
  46  3:52  Supply Depot  
  46  3:54  SCV  
  47  4:00  Cyclone  
  50  4:04  Marine  
  50  4:06  SCV, Marine  
  53  4:13  Viking  
  53  4:15  SCV  
  56  4:18  SCV  
  56  4:20  Supply Depot  
  57  4:26  Marine x2  
  57  4:28  SCV  
  57  4:30  SCV  
  61  4:38  Supply Depot  
  61  4:41  SCV  
  61  4:42  Cyclone, SCV  
  61  4:44  Marine x2  
  66  4:53  SCV  
  66  4:54  SCV  
  66  4:55  Viking  
  70  5:00  Supply Depot  
  70  5:02  Marine x2  
  70  5:05  SCV  
  70  5:06  SCV  
  74  5:16  Command Center  
  74  5:17  SCV  
  74  5:18  Siege Tank  
  78  5:24  Marine x2  
  78  5:29  SCV x2  
  78  5:35  Viking  
  80  5:41  SCV x2  
  80  5:42  Marine x2  
  83  5:53  SCV x2  
  85  6:00  Marine  
  85  6:01  Marine  
  85  6:04  Supply Depot, Barracks  
  85  6:05  SCV  
  85  6:07  Barracks  
  85  6:11  Engineering Bay, Refinery  
  86  6:12  Refinery  
  86  6:14  SCV, Siege Tank  
  86  6:17  SCV, Marine  
  92  6:19  Marine  
  92  6:24  Starport Reactor  
  93  6:26  SCV  
  93  6:28  Barracks  
  93  6:29  SCV  
  93  6:31  Barracks  
  95  6:35  Marine  
  95  6:37  Terran Infantry Weapons Level 1, Marine  
  95  6:38  SCV  
  95  6:39  Missile Turret  
  98  6:42  SCV  
  98  6:43  Missile Turret  
  98  6:50  SCV  
  98  6:54  SCV, Barracks Tech Lab  
  98  6:57  Orbital Command  
  98  7:00  Barracks Tech Lab  
  98  7:02  Siege Tank  
  98  7:03  SCV  
  98  7:06  SCV  
  103  7:14  Stimpack, Marine x2  
  103  7:15  SCV, Marine  
  106  7:18  SCV  
  106  7:19  Missile Turret, Barracks Tech Lab  
  106  7:20  Barracks Reactor  
  108  7:24  Supply Depot  
  108  7:25  SCV  
  108  7:26  Supply Depot  
  108  7:28  Medivac  
  111  7:30  SCV, Medivac  
  111  7:36  SCV  
  115  7:37  SCV, Missile Turret  
  115  7:39  Combat Shield  
  115  7:40  Supply Depot  
  116  7:46  Marauder  
  116  7:47  SCV, Starport  
  116  7:50  SCV x2, Refinery  
  121  7:52  Refinery  
  121  7:54  Factory Reactor  
  121  7:57  Supply Depot, Marauder x2  
  125  7:59  SCV  
  125  8:00  Viking  
  125  8:02  SCV x2  
  125  8:04  Viking  
  132  8:11  SCV, Bunker  
  132  8:12  Supply Depot  
  133  8:14  SCV, Marauder  
  133  8:19  SCV, Marauder x2  
  138  8:21  Marine x3  
  138  8:23  SCV  
  138  8:25  Supply Depot  
  138  8:26  Marine  
  143  8:29  Concussive Shells  
  143  8:35  Viking x2, Marine  
  143  8:39  Supply Depot  
  143  8:40  Marauder x2  
  150  8:48  Medivac x2  
  150  8:53  Marauder  
  156  9:01  Marauder  
  149  9:03  Marauder  
  149  9:08  Viking x2  
  152  9:11  Marine x2  
  152  9:12  Marine  
  152  9:14  Marauder  
  157  9:17  Supply Depot, Marine  
  157  9:18  Viking x2  
  157  9:20  Supply Depot  
  157  9:22  Terran Infantry Armor Level 1  
  157  9:23  Marauder  
  164  9:25  Marauder  
  165  9:36  Command Center, Marauder  
  166  9:38  Marine  
  166  9:39  Marine  
  166  9:44  Marauder  
  170  9:46  Marauder  
  170  9:52  Marine  
  160  9:57  Viking x2, Marauder  
  150  10:05  Marine x2  
  150  10:06  Marauder  
  131  10:07  Marauder  
  131  10:11  Marine x2  
  131  10:12  SCV x2  
  118  10:19  SCV, Marauder  
  107  10:21  Liberator x2  
  107  10:23  Marine x2  
  107  10:24  SCV  
  107  10:27  Liberator x2, Marauder  
  119  10:28  Marine  
  119  10:29  Marine  
  119  10:30  Marine  
  119  10:35  SCV x2  
  118  10:36  SCV  
  118  10:40  Marauder, Marine  
  118  10:41  Marine  
  118  10:47  SCV, Marauder, Marine  
  118  10:48  SCV, Marauder  
  126  10:50  Orbital Command  
  125  10:57  Marine  
  125  10:58  Marine x2  
  125  11:01  Marauder  
  130  11:04  Liberator x2  
  130  11:08  Marauder  
  130  11:09  Marine  
  130  11:10  Marauder  
  141  11:14  Ghost Academy  
  141  11:15  Medivac x2  
  141  11:16  Marine  
  146  11:18  Marine x2  
  146  11:23  Marauder  
  150  11:27  Marine  
  150  11:29  Marauder  
  150  11:31  Marauder  
  155  11:34  Marine  
  155  11:36  Marine x2  
  156  11:44  Marauder  
  156  11:45  Marine  
  156  11:51  Marauder  
  156  11:52  Marauder, Marine  
  161  11:54  Marine x2  
  160  12:03  Marine  
  160  12:05  Marauder  
  156  12:10  Marine  
  156  12:12  Marine x2  
Show
View Real Time Build Order
Export as new Build Order

SKillous Protoss 

Build Orders: 1 Gate Expand, Phoenix Opening, Colossus Rush 

Get SALT Encoding   

  12  0:00  Probe  
  13  0:12  Probe  
  14  0:17  Pylon  
  14  0:24  Probe (Chrono Boost)  
  15  0:35  Gateway  
  15  0:36  Probe (Chrono Boost)  
  16  0:42  Assimilator  
  16  0:46  Probe (Chrono Boost)  
  17  0:52  Probe  
  18  1:04  Probe  
  19  1:16  Probe  
  20  1:22  Cybernetics Core  
  20  1:32  Nexus  
  20  1:39  Pylon  
  20  1:42  Probe  
  21  1:48  Assimilator  
  21  1:54  Probe  
  21  1:55  Adept (Chrono Boost)  
  24  2:05  Shield Battery  
  24  2:06  Probe  
  25  2:17  Stalker  
  25  2:18  Probe  
  27  2:31  Probe (Chrono Boost)  
  27  2:33  Stargate  
  27  2:36  Warp Gate  
  28  2:43  Probe (Chrono Boost)  
  30  2:45  Probe (Chrono Boost)  
  31  2:52  Probe (Chrono Boost)  
  31  2:53  Probe (Chrono Boost)  
  31  2:55  Shield Battery  
  31  2:58  Probe x2 (Chrono Boost)  
  34  3:09  Probe  
  34  3:11  Probe  
  36  3:15  Phoenix (Chrono Boost)  
  38  3:21  Probe  
  38  3:22  Pylon  
  38  3:23  Probe  
  40  3:28  Gateway  
  40  3:31  Phoenix  
  42  3:34  Probe  
  42  3:37  Probe  
  44  3:45  Assimilator  
  44  3:46  Probe  
  44  3:48  Assimilator  
  45  3:49  Probe  
  45  3:54  Robotics Facility  
  46  3:59  Phoenix  
  46  4:01  Probe (Chrono Boost)  
  46  4:02  Probe (Chrono Boost)  
  50  4:06  Pylon  
  50  4:13  Probe (Chrono Boost)  
  50  4:14  Probe (Chrono Boost)  
  52  4:22  Probe  
  53  4:24  Phoenix  
  53  4:28  Probe  
  53  4:30  Pylon  
  56  4:31  Stalker  
  56  4:32  Stalker  
  60  4:41  Robotics Bay  
  60  4:47  Immortal (Chrono Boost)  
  64  4:56  Sentry, Stalker, Pylon  
  64  4:58  Probe  
  64  4:59  Probe  
  70  5:13  Pylon  
  70  5:19  Observer (Chrono Boost)  
  71  5:23  Stalker  
  73  5:30  Colossus (Chrono Boost)  
  73  5:31  Probe  
  80  5:41  Probe  
  81  5:46  Nexus  
  81  5:48  Shield Battery, Phoenix  
  81  5:50  Probe, Pylon  
  81  5:51  Extended Thermal Lance  
  81  5:55  Probe  
  83  6:03  Probe  
  84  6:07  Probe  
  84  6:08  Shield Battery  
  85  6:16  Colossus (Chrono Boost)  
  85  6:17  Phoenix  
  94  6:22  Pylon  
  93  6:25  Gateway  
  93  6:28  Gateway  
  93  6:32  Gateway  
  93  6:33  Probe  
  94  6:40  Probe  
  94  6:43  Phoenix  
  94  6:46  Twilight Council  
  94  6:47  Probe  
  98  6:52  Probe (Chrono Boost), Pylon  
  99  7:01  Probe (Chrono Boost)  
  101  7:02  Probe (Chrono Boost)  
  101  7:04  Probe (Chrono Boost), Assimilator  
  102  7:08  Assimilator  
  102  7:10  Colossus (Chrono Boost)  
  102  7:13  Probe (Chrono Boost)  
  102  7:14  Probe x2 (Chrono Boost)  
  109  7:19  Charge (Chrono Boost)  
  109  7:20  Forge  
  109  7:26  Probe  
  109  7:27  Templar Archives, Probe  
  109  7:29  Observer  
  111  7:33  Probe  
  111  7:34  Pylon  
  112  7:38  Probe  
  113  7:44  Gateway  
  113  7:45  Gateway  
  113  7:46  Gateway  
  113  7:51  Protoss Ground Weapons Level 1 (Chrono Boost)  
  113  8:03  Nexus, Immortal (Chrono Boost)  
  117  8:06  Pylon  
  117  8:18  Zealot x5  
  126  8:24  Photon Cannon  
  126  8:27  Pylon  
  126  8:29  Probe  
  126  8:32  Pylon  
  127  8:36  Warp Prism (Chrono Boost)  
  127  8:41  Probe x2  
  131  8:44  Shield Battery  
  131  8:46  Pylon  
  131  8:49  High Templar x4  
  131  8:50  High Templar x2  
  131  8:53  Archon x2  
  131  8:54  Zealot x2  
  146  8:58  Archon  
  133  9:08  Nexus  
  127  9:12  Gateway  
  127  9:14  Gateway  
  127  9:16  Zealot x2, Gateway  
  131  9:21  Zealot x3  
  137  9:24  Zealot  
  137  9:29  Zealot x2  
  141  9:40  High Templar x2  
  141  9:42  High Templar x3  
  141  9:44  Archon  
  151  9:49  Archon  
  151  9:52  Stalker x3  
  109  10:10  Zealot x2  
  109  10:11  Protoss Ground Weapons Level 2 (Chrono Boost)  
  93  10:15  Zealot x9  
  93  10:18  Blink (Chrono Boost)  
  93  10:19  Probe  
  98  10:31  High Templar x2  
  98  10:33  Probe x2  
  98  10:34  Probe  
  93  10:37  Archon  
  93  10:40  High Templar  
  93  10:41  High Templar x2  
  91  10:45  Disruptor (Chrono Boost), Probe x2  
  91  10:47  Archon  
  91  10:48  Zealot x5  
  106  10:52  Zealot  
  106  10:56  Archon  
  108  11:03  Nexus  
  108  11:06  Pylon  
  108  11:07  Sentry  
  108  11:09  Robotics Facility  
  113  11:12  Disruptor (Chrono Boost)  
  113  11:13  Zealot  
  115  11:20  Stalker x2  
  119  11:32  Stalker x5  
  129  11:36  Zealot  
  124  11:43  Pylon  
  124  11:45  Disruptor, Probe  
  120  11:49  Pylon  
  120  11:54  Zealot x2  
  127  11:55  Zealot x2  
  114  12:03  Probe x2  
  114  12:07  Stalker x3  
  114  12:11  Probe  
  114  12:15  Probe  
  100  12:27  Stalker  
  100  12:28  Zealot x3  
Tags
 
Add a new tag
Caveats
  • Supply blocks, unpowered buildings, or Contaminate may cause inaccurate times.
  • Supply counts are checked every 10 seconds.